 Dungeon Crawl Stone Soup version 0.27-a0-1139-g28e009f8a6 (webtiles) character file.

Game seed: 10927275693359866095

1091 Anon1729 the Covert (level 8, -2/51 HPs)
             Began as a Kobold Delver on May 8, 2021.
             Slain by an orc
             ... wielding a +0 hand axe
              (6 damage)
             ... on level 6 of the Dungeon.
             The game lasted 00:10:29 (7367 turns).

Anon1729 the Covert (Kobold Delver)                 Turns: 7367, Time: 00:10:30

Health: -2/51      AC:  5    Str:  9    XL:     8   Next: 56%
Magic:  8/8        EV: 17    Int: 18    God:
Gold:   261        SH:  0    Dex: 18    Spells: 7/7 levels left

rFire    . . .     SeeInvis .   w - +2 dagger (venom)
rCold    . . .     Faith    .   (shield restricted)
rNeg     . . .     Spirit   .   u - +0 leather armour {Will+}
rPois    .         Reflect  .   o - +0 helmet
rElec    .         Harm     .   (no cloak)
rCorr    .         Rampage  .   m - +0 pair of gloves
Will     +....                  (no boots)
Stlth    +++++.....             (no amulet)
HPRegen  0.17/turn              v - +6 ring of intelligence
MPRegen  0.11/turn              (no ring)

@: studying Spellcasting
A: small, no large weapons, nightstalker 3
a: no special abilities


You were on level 6 of the Dungeon.
You visited 1 branch of the dungeon, and saw 6 of its levels.

You collected 261 gold pieces.

Inventory:

Hand Weapons
 a - a +0 short sword
 w - a +2 dagger of venom (weapon)
Armour
 b - a +0 leather armour
 m - a +0 pair of gloves (worn)
 o - a +0 helmet (worn)
 u - a +0 leather armour of willpower (worn)
Jewellery
 v - a +6 ring of intelligence (left hand)
Wands
 g - a wand of digging (3)
 j - a wand of charming (7)
 t - a wand of paralysis (7)
Scrolls
 c - 2 scrolls of fog
 d - 2 scrolls of magic mapping
 e - 2 scrolls of fear
 h - a scroll of immolation {unknown}
 k - a scroll of enchant weapon {unknown}
 p - 2 scrolls of identify {unknown}
 q - a scroll of amnesia {unknown}
 r - a scroll of noise {unknown}
 s - a scroll of blinking {unknown}
Potions
 f - a potion of haste
 i - a potion of brilliance {unknown}
 l - 2 potions of attraction {unknown}
 n - 4 potions of heal wounds {unknown}


   Skills:
 + Level 6.1 Fighting
 + Level 6.7 Short Blades
 + Level 6.1 Dodging
 + Level 9.4 Stealth


You had 7 spell levels left.
You didn't know any spells.
Your spell library contained the following spells:

 Spells                   Type           Power      Damage    Failure   Level
 Magic Dart               Conj           0%         1d3       30%         1
 Blink                    Tloc           N/A        N/A       43%         2
 Call Imp                 Summ           0%         N/A       43%         2
 Slow                     Hex            0%         N/A       43%         2
 Conjure Flame            Conj/Fire      0%         6-21      67%         3
 Mephitic Cloud           Conj/Pois/Air  0%         N/A       67%         3


Dungeon Overview and Level Annotations

Branches:
Dungeon (6/15)
 Temple: D:4-7

Altars:

Annotations:
D:5 sastreii's ghost, novice GrFi


Innate Abilities, Weirdness & Mutations

You are small and have problems with some larger weapons.
You are completely attuned to the shadows.


Message History

You feel sick. The orc closely misses you.
The orc priest hits you with a +2 dagger of venom.
You are more poisoned.
You are too injured to fight recklessly!
You are too injured to fight recklessly!
You are too injured to fight recklessly!
You are too injured to fight recklessly!
You are too injured to fight recklessly!
You are too injured to fight recklessly!
You are too injured to fight recklessly!
You hit the orc priest.
You kill the orc priest!
You feel very sick. The orc hits you with a +0 dagger.
You feel sick.
You closely miss the orc.
You feel sick. The orc misses you.
You hit the orc.
The orc is lightly wounded.
You feel sick. The orc closely misses you.
You barely miss the orc.
The orc is lightly wounded.
You feel sick.
You feel sick.
You feel sick. The orc closely misses you.
You feel sick.
You feel sick.
You feel sick.
You feel sick.
You are no longer poisoned.
Things that are here:
a +2 dagger of venom; an orc corpse
w - a +2 dagger of venom Your +2 dagger of venom begins to drip with poison!
w - a +2 dagger of venom (weapon)
The orc hits you with a +0 hand axe.
* * * LOW HITPOINT WARNING * * *
You hit the orc.
The orc is moderately wounded.
The orc hits you with a +0 hand axe.
You die...

.......##.##)###.####.
#####.####.#.## ##.....
..<.#.####.##.###.####.
###.#....... #.#.#####
#...######.###.......
#...# #.......### #...#
#.##.##.# #...##
.##.##)# #.....
.....o@.# ##...##
..##.#..# <...... #
#....# ....... .......
......# ##...###
.#....# .#..... .# ..


You could see an orc.

Vanquished Creatures
  A black bear (D:5)
  A sky beast (D:4)
  3 ogres (D:5)
  A centaur (D:6)
  A bullfrog (D:6)
  A scorpion (D:5)
  2 bullfrog zombies
  2 hounds (D:4)
  An orc priest (D:6)
  A jelly (D:5)
  Ijyb (D:3)
  A centaur skeleton (D:4)
  A hound skeleton (D:4)
  A howler monkey skeleton (D:4)
  3 gnolls (D:3)
  4 adders
  2 ufetubi
  An adder skeleton (D:3)
  4 worms
  A dart slug (D:2)
  14 orcs
  6 ball pythons
  9 bats
  9 endoplasms
  2 giant cockroaches
  6 goblins
  6 hobgoblins
  10 jackals
  A quokka (D:4)
  A frilled lizard (D:1)
  4 kobolds
  A quokka skeleton (D:4)
  5 rats
107 creatures vanquished.

Notes
Turn   | Place    | Note
-------+----------+-------------------------------------------
     0 | D:5      | Anon1729 the Kobold Delver began the quest for the Orb.
     0 | D:5      | Reached XP level 1. HP: 14/14 MP: 1/1
   140 | D:5      | Noticed an ogre
   192 | D:5      | Found a runed translucent gate.
   192 | D:5      | Found a runed translucent gate.
   192 | D:5      | Found a runed translucent gate.
   193 | D:5      | Noticed sastreii's ghost (novice GrFi)
   249 | D:5      | Noticed a black bear
   277 | D:5      | Killed a black bear
   278 | D:5      | Reached skill level 7 in Stealth
   278 | D:5      | Reached XP level 2. HP: 20/20 MP: 2/2
   278 | D:5      | Reached XP level 3. HP: 24/24 MP: 3/3
   278 | D:5      | Reached XP level 4. HP: 29/29 MP: 4/4
   278 | D:5      | Reached XP level 5. HP: 33/33 MP: 5/5
   400 | D:5      | Noticed an ogre
   404 | D:5      | Killed an ogre
   405 | D:5      | Reached XP level 6. HP: 39/39 MP: 6/6
   453 | D:5      | Reached skill level 8 in Stealth
   889 | D:5      | Noticed an ogre
   893 | D:5      | Killed an ogre
   894 | D:5      | Reached skill level 5 in Short Blades
   894 | D:5      | Reached XP level 7. HP: 44/44 MP: 7/7
  1151 | D:5      | Reached skill level 5 in Fighting
  1847 | D:4      | Reached skill level 5 in Dodging
  2796 | D:4      | Reached XP level 8. HP: 50/50 MP: 8/8
  3573 | D:3      | Reached skill level 9 in Stealth
  4075 | D:2      | Found a faded altar of an unknown god.
  6240 | D:3      | Noticed Ijyb
  6244 | D:3      | Killed Ijyb
  7367 | D:6      | Slain by an orc

Illustrated notes

Levels and vault maps discovered:
D:1:      saegor_arrival_simple_c, layout_basic
D:2:      layout_basic, ebering_ecumenical_altar_hall
D:3:      layout_basic, hangedman_decor_clover_reticule, uniq_ijyb
D:4:      layout_layer_cave, minmay_manual_mullet
D:5:      layout_basic, ebering_ghost_rock_garden
D:6:      layout_loops_cross, jmf_multi_god_temple2,
          hangedman_abyss_or_decor_lesser_grid, minmay_misc_feat_ornament,
          minmay_fire_ice_demons

Skill      XL: |  1  2  3  4  5  6  7  8 |
---------------+-------------------------+-----
Fighting       | 4 5 6 |  6.1
Short Blades   | 3 4 5 6 |  6.7
Dodging        | 3 4 5 6 |  6.1
Stealth        | 7 8 9 |  9.4

Action                   |  1- 3 |  4- 6 |  7- 9 || total
-------------------------+-------+-------+-------++-------
Melee: Short sword       |     3 |    16 |   448 ||   467
       Dagger            |       |       |     1 ||     1
Evoke: Wand              |     1 |     2 |       ||     3
 Stab: Sleeping          |     1 |     6 |    41 ||    48
       Betrayed ally     |     1 |       |       ||     1
       Distracted        |       |       |     2 ||     2
Armor: Leather armour    |       |       |    66 ||    66
Dodge: Dodged            |       |     8 |   335 ||   343

Table legend: (Time is in decaauts)
 A = Elapsed time spent in this place.
 B = Non-inter-level travel time spent in this place.
 C = Inter-level travel time spent in this place.
 D = Time resting spent in this place.
 E = Time spent auto-exploring this place.
 F = Levels seen in this place.
 G = Mean time per level.
                   A        B        C        D        E       F      G
               +--------+--------+--------+--------+--------+-----+--------+
         Total |   7317 |   6883 |    434 |   1354 |   4398 |   6 | 1219.5 |
       Dungeon |   7317 |   6883 |    434 |   1354 |   4398 |   6 | 1219.5 |
               +--------+--------+--------+--------+--------+-----+--------+

Top non-repeatable levels by time:
     D:4: 1956 daAuts
     D:5: 1838 daAuts
     D:1: 1129 daAuts
     D:2: 1007 daAuts
     D:3: 996 daAuts
     D:6: 388 daAuts
